[Event "Croatian Team Cup Final 2022"]
[Site "Vodice"]
[Date "2022.05.19"]
[Round "3.8"]
[White "Sale, Srdjan"]
[Black "Zelcic, Robert"]
[Result "1/2-1/2"]
[ECO "A30"]
[WhiteElo "2356"]
[BlackElo "2497"]
[Annotator "TA"]
[PlyCount "55"]
[EventDate "2022.05.18"]
[EventType "team-tourn"]
[EventCountry "CRO"]
[SourceTitle "playchess.com"]
[Source "ChessBase"]
[SourceQuality "1"]
[TimeControl "40/5400+30:1800+30"]

1. Nf3 d5 2. g3 c5 3. Bg2 Nc6 4. O-O e5 5. d3 Be7 6. c4 Nf6 (6... dxc4 7. Qa4 Bd7 8. Qxc4 Nf6 9. Bg5 O-O 10. Bxf6 Bxf6 11. Nc3 Be7 12. Rac1 Rc8 13. Rfd1 a6 14. Qb3 b5 15. e3 Be6 16. Qc2 {0-1 (41) Sale,S (2399)-Zelcic,R (2527) Mali Losinj 2021}) 7. Nc3 {[%emt 0:03:56] [#] Strongly threatening cxd5.} d4 {[%emt 0:03:54] A30: Symmetrical English: Double Fianchetto and Hedgehog.} 8. Na4 h6 {[%emt 0:00:05] has lost popularity (8...0-0).} 9. a3 O-O {[%emt 0:03:10] [#] Black is slightly better.} 10. e4 $146 ({Predecessor:} 10. Nd2 Qc7 11. Rb1 Be6 12. Ne4 Nd7 13. e3 f5 14. exd4 Nxd4 15. Nec3 Nf6 16. Ne2 {0-1 (50) Martinez Duany,L (2473)-Garavito,M (2243) Bogota 2013}) 10... dxe3 (10... Bg4 $17) 11. Bxe3 $11 Qa5 12. b4 cxb4 13. axb4 Qxb4 {[%emt 0:04:27] [#]} 14. Nb6 $1 Rb8 15. Nd5 Qd6 ({Not} 15... Nxd5 16. cxd5 Nd4 17. Nxe5 $16) 16. Nxe7+ (16. d4 {is interesting.} Nxd5 17. cxd5 exd4 18. Bf4) 16... Qxe7 17. Bxa7 Nxa7 18. Rxa7 Qc5 19. Qa1 e4 20. dxe4 (20. Ra5 {is more complex.} b5 21. dxe4 Nxe4 22. cxb5 Rxb5 23. Rxb5 Qxb5 24. Nd4) 20... Qxc4 21. e5 Nh7 22. Rc1 Qb5 23. Rb1 {[%emt 0:07:16] White is more active.} (23. Ra5 $5 Qb4 24. Rb1 $16) 23... Qc5 24. Rc1 (24. Ra5 $14 b5 25. Rc1) 24... Qe7 (24... Qb5 $11) 25. Qa3 (25. h4 $14 {is more appropriate.}) 25... Qxa3 {[%emt 0:00:36] The position is equal.} 26. Rxa3 Re8 27. Rb3 Be6 28. Rb6 {[%emt 0:02:22] Weighted Error Value: White=0.12 (very precise) /Black=0.17 (very precise)} 1/2-1/2

[Event "Croatian Team Cup Final 2022"]
[Site "Vodice"]
[Date "2022.05.19"]
[Round "3.9"]
[White "Rezan, Sasa"]
[Black "Martinovic, Sasa"]
[Result "0-1"]
[ECO "E14"]
[WhiteElo "2394"]
[BlackElo "2552"]
[Annotator "TA"]
[PlyCount "80"]
[EventDate "2022.05.18"]
[EventType "team-tourn"]
[EventCountry "CRO"]
[SourceTitle "playchess.com"]
[Source "ChessBase"]
[SourceQuality "1"]
[TimeControl "40/5400+30:1800+30"]

1. d4 Nf6 2. c4 e6 3. Nc3 d5 4. e3 b6 5. Nf3 Bd6 6. Bd3 Bb7 7. O-O O-O 8. b3 Nbd7 9. Bb2 a6 10. Rc1 Qe7 11. Qe2 {[%emt 0:09:32] E14: Queen's Indian: Classical Variation (4 e3).} Ne4 12. Rfd1 f5 13. Na4 {[%emt 0:06:37] The position is equal.} dxc4 14. bxc4 {[%emt 0:02:34] [#]} c5 $146 ({Predecessor:} 14... Ng5 15. Nxg5 Qxg5 16. f4 Qe7 {½-½ (16) Polgar,Z (2535)-Dautov,R (2595) Brno 1991}) 15. Bxe4 (15. Rb1 $11) 15... fxe4 $17 16. Ne5 (16. Nd2 $142) 16... Nxe5 17. dxe5 Bc7 18. Qc2 (18. Bc3 $17 {was necessary.}) 18... Bc6 19. Rb1 (19. Nc3 $17 {is a better defense.} Qf7 20. Rd2) 19... Rf5 20. Nc3 (20. Bc3 $142) 20... Bxe5 $19 21. g3 Qg5 22. Ne2 Bc7 {[%emt 0:02:33] A strong pair of Bishops.} 23. Nf4 Qh6 ({Worse is} 23... Bxf4 24. exf4 Qh5 25. Rd6 $11) 24. Rd2 (24. Qe2 $142) 24... Raf8 $2 (24... g5 $19 {and Black stays clearly on top.} 25. Ng2 Raf8) 25. Rbd1 $2 {[%emt 0:00:51][%mdl 8192] [#]} (25. Qd1 $17) 25... g5 $1 ({Inferior is} 25... Bxf4 26. exf4 g5 27. fxg5 (27. Rd6 $2 gxf4 28. g4 Qh3 $17) 27... Qxg5 28. Qc3 $17) 26. Ng2 e5 {[%emt 0:00:40] Threatens to win with ...Qh3.} 27. Bc3 (27. h4 {might work better.}) 27... Qe6 28. Rd5 $2 (28. h4) 28... Rxf2 {[%emt 0:01:32] Black is clearly winning.} 29. Qxe4 Bxd5 30. cxd5 Qf5 31. Qxf5 R2xf5 32. g4 Rf3 33. d6 {[%emt 0:00:09] [#]} Bxd6 34. h4 Bb8 {[%emt 0:01:12] White must now prevent ...gxh4.} 35. hxg5 Kf7 36. Rd7+ Ke6 37. Rxh7 Rf1+ 38. Kh2 e4+ 39. Nf4+ Bxf4+ 40. exf4 R8xf4 {[%emt 0:00:00] White got outplayed after the opening.  Weighted Error Value: White=0.91/Black=0.36} 0-1

[Event "Croatian Team Cup Final 2022"]
[Site "Vodice"]
[Date "2022.05.19"]
[Round "3.10"]
[White "Livaic, Leon"]
[Black "Plenkovic, Zdenko"]
[Result "1-0"]
[ECO "E71"]
[WhiteElo "2562"]
[BlackElo "2375"]
[Annotator "TA"]
[PlyCount "51"]
[EventDate "2022.05.18"]
[EventType "team-tourn"]
[EventCountry "CRO"]
[SourceTitle "playchess.com"]
[Source "ChessBase"]
[SourceQuality "1"]
[TimeControl "40/5400+30:1800+30"]

1. d4 Nf6 2. c4 g6 3. Nc3 Bg7 4. e4 d6 5. h3 O-O 6. Be3 e5 7. d5 Na6 8. g4 {[%emt 0:00:07] E71: King's Indian: 4 e4 d6 5 h3.} Nc5 9. f3 c6 10. Qd2 {[%emt 0:01:44] White is slightly better.} cxd5 11. cxd5 Bd7 12. Nge2 Rc8 13. Nc1 h5 14. Nd3 {[%emt 0:00:27] [#]} Na4 $146 ({Predecessor:} 14... b6 15. Be2 Nxd3+ 16. Bxd3 Nh7 17. O-O-O h4 18. Rdg1 b5 19. Kb1 a6 20. g5 b4 {0-1 (48) Van Osmael,A (2240)-Tesic,Z (2354) ICCF email 2009}) 15. Nxa4 Bxa4 16. Qb4 b5 (16... Be8 $14) 17. Rc1 ({Not} 17. Bxa7 $2 Nxd5 18. exd5 Rc4 $19) (17. b3 $16) 17... Rxc1+ $14 18. Nxc1 {[%emt 0:00:22] [#] And now b3 would win.} a5 19. Qa3 {[%emt 0:02:26] Black must now prevent b3.} (19. Qd2 $5 b4 20. Bd3 $14) 19... Qc7 $2 (19... Nxe4 $11 {and Black stays safe.} 20. fxe4 Bc2 21. Bxb5 Bxe4) 20. Bd3 (20. b3 $18 Qc3+ 21. Kf2) 20... Rc8 $2 (20... Bc2 $16 21. Bxb5 Nxe4) 21. Rh2 Nd7 {[%emt 0:11:38] [#]} 22. b3 $1 Qc3+ (22... Nc5 $142) 23. Kd1 $18 {[%emt 0:01:04] Hoping for Rc2. White is clearly winning.} ({And not} 23. Bd2 Qa1 24. bxa4 b4 $11) 23... Nc5 24. Rc2 Nxd3 (24... Qa1 $142 25. bxa4 b4) 25. Rxc3 Rxc3 26. Nxd3 {[%emt 0:00:08] Weighted Error Value: White=0.21 (precise) /Black=0.61} ({Weaker is} 26. Ne2 b4 $16) 1-0

[Event "Croatian Team Cup Final 2022"]
[Site "Vodice"]
[Date "2022.05.19"]
[Round "3.11"]
[White "Bilobrk, Franjo"]
[Black "Cvitan, Ognjen"]
[Result "1/2-1/2"]
[ECO "E05"]
[WhiteElo "2347"]
[BlackElo "2454"]
[Annotator "TA"]
[PlyCount "29"]
[EventDate "2022.05.18"]
[EventType "team-tourn"]
[EventCountry "CRO"]
[SourceTitle "playchess.com"]
[Source "ChessBase"]
[SourceQuality "1"]
[TimeControl "40/5400+30:1800+30"]

1. d4 Nf6 2. c4 e6 3. Nf3 d5 4. g3 Be7 5. Bg2 O-O 6. O-O dxc4 7. Qc2 a6 8. a4 Bd7 9. Qxc4 Bc6 10. Bg5 h6 {[%emt 0:01:16] [#] Strongly threatening ...Bd5. E05: Open Catalan: 5 Nf3 Be7.} 11. Bxf6 Bxf6 12. Nc3 Bxf3 13. Bxf3 c6 ({Don't take} 13... Nc6 14. Bxc6 bxc6 15. e3 $16 (15. Qxc6 Qxd4 16. Rfd1 Qb6 $11)) 14. e3 a5 {[%emt 0:00:12] [#]} 15. Kg2 $146 {[%emt 0:02:58] Black did not feel at home in the position after the opening.  Weighted Error Value: White=0.00 (flawless) /Black=0.07 (flawless)} ({Predecessor:} 15. b4 axb4 16. Qxb4 Ra7 17. a5 Nd7 18. a6 Be7 19. Qc4 bxa6 20. Rxa6 Nb6 21. Qa2 Rxa6 22. Qxa6 {½-½ (33) Ding,L (2774)-Carlsen,M (2837) Saint Louis 2017}) 1/2-1/2

[Event "Croatian Team Cup Final 2022"]
[Site "Vodice"]
[Date "2022.05.19"]
[Round "3.12"]
[White "Rogic, Davor"]
[Black "Zelic, Mladen"]
[Result "1-0"]
[ECO "C63"]
[WhiteElo "2457"]
[BlackElo "2247"]
[Annotator "TA"]
[PlyCount "81"]
[EventDate "2022.05.18"]
[EventType "team-tourn"]
[EventCountry "CRO"]
[SourceTitle "playchess.com"]
[Source "ChessBase"]
[SourceQuality "1"]
[TimeControl "40/5400+30:1800+30"]

1. e4 e5 2. Nf3 Nc6 3. Bb5 f5 4. d3 fxe4 5. dxe4 Nf6 6. O-O d6 7. Bc4 {[%emt 0:02:47] C63: Ruy Lopez: Schliemann/Jaenisch Defence.} Na5 8. Be2 {[%emt 0:06:45] [#]} Nc6 $146 ({Predecessor:} 8... Be7 9. b4 Nc6 10. b5 Na5 11. Bd2 b6 12. Bxa5 bxa5 13. Bc4 Bg4 14. Nc3 Rf8 {1-0 (71) Khusnutdinov,R (2484)-Christiansen,J (2582) Chess.com INT 2021}) 9. Ng5 {[%emt 0:04:05] White is slightly better.} Nd4 {[%emt 0:27:49] [#]} 10. Bc4 $1 {[%emt 0:02:28] And now c3 would win.} Qe7 11. Bf7+ Kd8 {[%emt 0:00:18] Strongly threatening ...h6.} 12. Bc4 Be6 {[%emt 0:09:55] Against Nf7+} 13. Nxe6+ Nxe6 14. Nc3 h6 15. Be3 $36 {[%emt 0:03:39][%mdl 2048] White is in control. White is more active.} g5 $2 {[%emt 0:01:56] [#]} (15... Kc8 $16 16. Nd5 Nxd5) 16. Nd5 $1 $18 Qf7 17. Nxf6 Qxf6 18. Qd5 $1 Kd7 19. Qxb7 Bg7 20. Bxa7 (20. Bd5 Ke7 21. Bxa7 Rhc8) 20... Rhc8 21. Bxe6+ (21. Bd5 $6 Nd8 22. Qxa8 Rxa8 23. Bxa8 Nc6 $18) 21... Qxe6 22. b3 {[%emt 0:00:13] Inhibits Qc4.} h5 23. Rad1 g4 24. Rd3 h4 25. Rfd1 {[%emt 0:00:57][%cal Bf1d1,Bd1d3,Bd3d5][%mdl 32] Black must now prevent Rxd6+.} (25. Rc3 Ke8 26. Be3 (26. Rxc7 Rxc7 27. Qxa8+ Qc8 $18) 26... Rab8 27. Qc6+ Ke7 $18) 25... Ke8 26. h3 Bh6 27. a4 Bf4 28. Kf1 Kf8 29. Rc3 Kg8 30. Rdd3 ({Don't take} 30. Rxc7 Rxc7 31. Qxa8+ (31. Qxc7 gxh3 32. Rxd6 hxg2+ 33. Kg1 Qg4 $11) 31... Kg7 $18) 30... c5 31. hxg4 Rd8 32. Bb6 {[%emt 0:01:14][%cal Ba7b6,Bb6c7,Bc7d8][%mdl 32] White is clearly winning.} Rf8 33. Qd5 Qxd5 34. Rxd5 Rf6 35. Bc7 Ra6 36. Bd8 Rh6 37. Rh3 c4 38. Rc3 cxb3 39. cxb3 Rh7 40. a5 Rb7 41. Bb6 {[%emt 0:01:22] Black got outplayed after the opening.  Weighted Error Value: White=0.11 (very precise) /Black=0.31} 1-0

[Event "Croatian Team Cup Final 2022"]
[Site "Vodice"]
[Date "2022.05.19"]
[Round "3.13"]
[White "Jovanovic, Zoran"]
[Black "Fercec, Nenad"]
[Result "1/2-1/2"]
[ECO "B53"]
[WhiteElo "2523"]
[BlackElo "2415"]
[Annotator "TA"]
[PlyCount "61"]
[EventDate "2022.05.18"]
[EventType "team-tourn"]
[EventCountry "CRO"]
[SourceTitle "playchess.com"]
[Source "ChessBase"]
[SourceQuality "1"]
[TimeControl "40/5400+30:1800+30"]

1. e4 c5 2. Nf3 d6 3. d4 cxd4 4. Qxd4 Nc6 5. Bb5 Bd7 6. Bxc6 Bxc6 7. Nc3 Nf6 8. Bg5 e6 9. O-O-O Be7 10. Rhe1 O-O 11. e5 dxe5 {[%emt 0:00:30] B53: Sicilian: 2...d6: Lines with Qxd4.} 12. Nxe5 $1 {[%emt 0:03:49][%mdl 4] now scores much better than the old 12.Qh4.} Qxd4 13. Rxd4 {[%emt 0:00:23] [#]} Nd5 $146 (13... Rfc8 $11) ({Predecessor:} 13... Rfc8 14. Nxc6 Rxc6 15. Ne4 Rac8 16. Re2 Kf8 17. Nxf6 Bxf6 18. Bxf6 gxf6 19. Rd7 R6c7 {½-½ (69) Van Foreest,J (2702)-Niemann,H (2645) Warsaw 2021}) 14. Bxe7 $14 Nxe7 15. Nxc6 bxc6 16. Ne4 Nd5 17. Nc5 Rfe8 18. c4 e5 19. Rd2 ({Not} 19. cxd5 $2 exd4 20. Rxe8+ Rxe8 21. dxc6 Rc8 $19) 19... Nf4 20. g3 Nh3 {[%emt 0:00:45] [#]} 21. Rde2 $1 Red8 22. Rxe5 Nxf2 23. Re7 {[%emt 0:00:10] aiming for Rf1.} Ng4 24. Nb7 {[%emt 0:01:28] White is more active.} Rf8 25. R1e2 f6 {[%emt 0:00:44] [#]} 26. Nc5 (26. R2e6 $1 $16) 26... Rf7 27. Re8+ (27. R7e4 $5 Ne5 28. Kc2 $14) 27... Rxe8 28. Rxe8+ Rf8 29. Re7 {[%emt 0:00:09] Strongly threatening Ne6.} Rf7 $1 30. Re2 g5 (30... Ne5 $11) 31. Nd3 {[%emt 0:01:25] Weighted Error Value: White=0.08 (flawless) /Black=0.14 (very precise)} 1/2-1/2

[Event "Croatian Team Cup Final 2022"]
[Site "Vodice"]
[Date "2022.05.19"]
[Round "3.14"]
[White "Zufic, Miroslav"]
[Black "Bukal, Vladimir Jr."]
[Result "1/2-1/2"]
[ECO "D02"]
[WhiteElo "2384"]
[BlackElo "2371"]
[Annotator "TA"]
[PlyCount "69"]
[EventDate "2022.05.18"]
[EventType "team-tourn"]
[EventCountry "CRO"]
[SourceTitle "playchess.com"]
[Source "ChessBase"]
[SourceQuality "1"]
[TimeControl "40/5400+30:1800+30"]

1. d4 d5 2. Bf4 e6 3. e3 Nf6 4. Nf3 Bd6 5. Nbd2 b6 6. Bd3 {[%emt 0:06:33] D02: 1 d4 d5 2 Nf3 sidelines, including 2...Nf6 3 g3 and 2...Nf6 3 Bf4.} Ba6 7. Bxa6 Nxa6 8. Bg5 {[%emt 0:03:25][%cal Oe3e4] The position is equal.} Be7 9. c3 {[%emt 0:15:42] Hoping for Qa4+.} O-O 10. Qe2 Nb8 {[%emt 0:01:41] [#]} 11. Bxf6 $146 ({Predecessor:} 11. h4 c5 12. Bxf6 Bxf6 13. g4 Nc6 14. g5 Be7 15. Ne5 Nxe5 16. dxe5 d4 17. f4 dxc3 18. bxc3 {1-0 (32) Indjic,A (2607)-Sammed Jaykumar,S (2412) Chess.com INT 2021}) 11... Bxf6 12. e4 c5 13. e5 Be7 14. O-O Nc6 15. Rfd1 Qc8 16. Nf1 Qb7 17. Ne3 b5 18. h4 Rfd8 19. g3 a5 20. Ng5 h6 $1 21. Nh3 a4 22. a3 b4 23. Nf4 (23. axb4 $142 cxb4 24. cxb4) 23... bxa3 24. bxa3 cxd4 25. cxd4 Qa7 26. Qg4 {[%emt 0:01:00][%cal Of4e6] Strongly threatening Nxe6!} Bf8 $2 {[%emt 0:01:02] [#]} (26... Nxd4 $2 27. Nh5 Bf8 28. Rxd4 $18) (26... Kh8 $17 {keeps the pressure on.}) 27. Nxe6 $1 $16 h5 {[%emt 0:09:07] [#]} 28. Qh3 {[%emt 0:00:05] 0x0.001df4e95fcddp-1022s more active pieces.} ({Stronger than} 28. Nxd8 hxg4 29. Nxc6 Qd7 $17) 28... Qd7 {[%emt 0:03:34][%mdl 64] Pin} 29. Nf4 {[%emt 0:00:14][%cal Be6f4,Bf4h3,Bh3f4][%mdl 32] Pair of Knights!} ({Inferior is} 29. Nxd8 Qxh3 30. Nxc6 Qd7 $17) 29... Qxh3 30. Nxh3 Rab8 31. Nf4 Rb3 32. Nc2 Rb2 33. Ne3 Rb3 34. Nc2 Rb2 $1 35. Ne3 {[%emt 0:00:28] Weighted Error Value: White=0.20 (precise) /Black=0.17 (very precise)} (35. Rac1 $16) 1/2-1/2

[Event "Croatian Team Cup Final 2022"]
[Site "Vodice"]
[Date "2022.05.19"]
[Round "3.15"]
[White "Blazeka, Matej"]
[Black "Rubil, Marko"]
[Result "1/2-1/2"]
[ECO "D18"]
[WhiteElo "2333"]
[BlackElo "2272"]
[Annotator "TA"]
[PlyCount "36"]
[EventDate "2022.05.18"]
[EventType "team-tourn"]
[EventCountry "CRO"]
[SourceTitle "playchess.com"]
[Source "ChessBase"]
[SourceQuality "1"]
[TimeControl "40/5400+30:1800+30"]

1. d4 {[%emt 0:04:48] Huebner,R} d5 2. c4 c6 3. Nc3 Nf6 4. Nf3 dxc4 5. a4 Bf5 6. e3 e6 7. Bxc4 Bb4 8. O-O Nbd7 9. Qe2 Bg6 10. Na2 Bd6 11. Nc3 Bb4 {[%emt 0:09:54] The position is equal.} 12. Na2 {[%emt 0:00:04] D18: Slav Defence: 5 a4 Bf5 6 e3.} Bd6 13. Nc3 O-O 14. e4 {[%emt 0:04:06] [#] Threatens to win with e5.} e5 15. dxe5 Nxe5 16. Nxe5 Bxe5 17. f3 Qc7 18. g3 {[%emt 0:00:34] [#]} Qd8 $146 {[%emt 0:32:14] An interesting draw.  Weighted Error Value: White=0.06 (flawless) /Black=0.02 (flawless)} ({Predecessor:} 18... Kh8 19. Be3 Nd7 20. Rfd1 Rae8 21. a5 f5 22. Bxa7 fxe4 23. Nxe4 Bxe4 24. fxe4 b5 25. axb6 Nxb6 26. Kg2 Nxc4 27. Qxc4 Bxb2 28. Ra2 {½-½ (26) Nikolic,P (2641)-Van Wely,L (2629) Batumi 1999 CBM 074 [Huebner,R]}) 1/2-1/2

[Event "Croatian Team Cup Final 2022"]
[Site "Vodice"]
[Date "2022.05.19"]
[Round "3.16"]
[White "Perusko, Niko"]
[Black "Vujakovic, Branko"]
[Result "0-1"]
[ECO "D77"]
[WhiteElo "1867"]
[BlackElo "2292"]
[Annotator "TA"]
[PlyCount "80"]
[EventDate "2022.05.18"]
[EventType "team-tourn"]
[EventCountry "CRO"]
[SourceTitle "playchess.com"]
[Source "ChessBase"]
[SourceQuality "1"]
[TimeControl "40/5400+30:1800+30"]

1. Nf3 Nf6 2. g3 g6 3. Bg2 Bg7 4. O-O d5 5. d4 O-O 6. c4 dxc4 7. Na3 Nc6 8. Nxc4 Be6 9. b3 Bd5 10. Bb2 a5 11. Rc1 a4 12. Ne3 {[%emt 0:02:57] D77: Fianchetto Grünfeld: 6 0-0: Replies other than 6...c6.} Be4 13. Ne5 (13. bxa4 $5 Bh6 14. Nh4 $11) 13... Bxg2 {[%emt 0:02:34] [#]} 14. Nxg2 $146 {[%emt 0:00:14] The position is equal.} ({Predecessor:} 14. Kxg2 Ra6 15. Nxc6 bxc6 16. bxa4 Qa8 17. Kg1 Rxa4 18. a3 Rb8 19. Rc2 e6 20. Qd3 Nd5 21. Nc4 Qa6 22. Ne5 Qxd3 23. Nxd3 Bxd4 24. Bxd4 Rxd4 25. Rxc6 Ra8 26. Nb4 {½-½ (26) Lazic,M (2438)-Mogranzini,R (2422) Perugia 2009}) 14... Nxe5 15. dxe5 Nd7 16. f4 c6 17. Bd4 Qa5 18. e6 Bxd4+ 19. Qxd4 Qb6 20. exf7+ Kxf7 21. Rfd1 axb3 22. axb3 Rfd8 23. Rd3 Qxd4+ 24. Rxd4 Nf6 25. Rxd8 Rxd8 $15 {[%emt 0:00:02][%mdl 4096] Endgame KRN-KRN} 26. Ne3 Ra8 27. Nc4 Ra2 28. Kf1 Ke6 29. Rd1 Ne4 (29... b5 $5 30. Ne5 c5 $15) 30. Rd4 Nc3 31. Nd2 Rb2 32. Kf2 $2 {[%emt 0:00:28][%mdl 8192] [#]} (32. Ke1 $11) 32... Rxd2 $1 $19 33. Rxd2 {[%emt 0:00:04] Kf3 is the strong threat. KR-KN} (33. Rd3 Rxe2+) 33... Ne4+ 34. Ke1 Nxd2 35. Kxd2 {[%emt 0:00:02] [#] KP-KP} Kf5 $1 {[%emt 0:00:22] Strongly threatening ...Kg4.} 36. Kd3 {[%emt 0:00:28] [#]} Kg4 $1 37. Kd4 Kh3 38. e4 Kxh2 {[%emt 0:00:15] Black mates.} 39. g4 Kg3 40. f5 Kxg4 {[%emt 0:01:25] Weighted Error Value: White=0.95/Black=0.17 (very precise)} 0-1

[Event "Croatian Team Cup Final 2022"]
[Site "Vodice"]
[Date "2022.05.19"]
[Round "3.17"]
[White "Vojak, Daniel"]
[Black "Golubovic, Boris"]
[Result "1/2-1/2"]
[ECO "B08"]
[WhiteElo "2335"]
[BlackElo "2360"]
[Annotator "TA"]
[PlyCount "57"]
[EventDate "2022.05.18"]
[EventType "team-tourn"]
[EventCountry "CRO"]
[SourceTitle "playchess.com"]
[Source "ChessBase"]
[SourceQuality "1"]
[TimeControl "40/5400+30:1800+30"]

1. e4 Nc6 2. Nf3 d6 3. d4 Nf6 4. Nc3 g6 5. d5 Nb8 6. Be2 Bg7 7. O-O O-O 8. a4 c6 {[%emt 0:03:20] B08: Pirc Defence: Classical System.} 9. a5 Bg4 10. Be3 {[%emt 0:05:04] [#]} Nfd7 $146 {[%emt 0:19:34] White is slightly better.} ({Predecessor:} 10... Qc7 11. h3 Bxf3 12. Bxf3 Nbd7 13. a6 cxd5 14. exd5 bxa6 15. Rxa6 Nb6 16. Bd4 Nfd7 17. Bxg7 Kxg7 18. Qd4+ Kg8 19. Rfa1 Rfc8 20. Be2 {1-0 (62) Bojkov,D (2509)-Chatalbashev,B (2499) Pleven 2005}) 11. h3 Bxf3 12. Bxf3 c5 13. Qd2 Na6 14. Bh6 Nc7 15. Bxg7 Kxg7 16. Be2 Rb8 17. Nd1 {[%emt 0:11:04] 0x0.001922132919dp-1022s more active pieces.} Nf6 18. Bd3 b5 19. c3 (19. axb6 $1 $14 {might be stronger.} axb6 20. Ne3) 19... c4 20. Bc2 e6 21. dxe6 Nxe6 22. Ne3 {[%emt 0:00:44] Inhibits d5.} Nc5 23. Qd4 (23. g4 {is interesting.} Rb7 24. g5 Nh5 25. f4) 23... Ne6 24. Qd2 ({Much weaker is} 24. Qxa7 Nc5 25. Rfd1 Rb7 26. Qxc5 dxc5 $15) (24. Qd1 $11) 24... Nc5 $14 25. Rfd1 {[%emt 0:03:45] aiming for e5.} Re8 26. Qd4 Kg8 27. Nd5 ({Better is} 27. f3 $14) 27... Nxd5 $11 28. Qxd5 Re6 29. Rd4 {[%emt 0:09:03] Weighted Error Value: White=0.14 (very precise) /Black=0.07 (flawless)} 1/2-1/2

[Event "Croatian Team Cup Final 2022"]
[Site "Vodice"]
[Date "2022.05.20"]
[Round "3.18"]
[White "Petrov, Jole"]
[Black "Cupic, Lovro"]
[Result "1/2-1/2"]
[ECO "A37"]
[WhiteElo "2383"]
[BlackElo "2271"]
[Annotator "TA"]
[PlyCount "62"]
[EventDate "2022.05.18"]
[EventType "team-tourn"]
[EventCountry "CRO"]
[SourceTitle "playchess.com"]
[Source "ChessBase"]
[SourceQuality "1"]
[TimeControl "40/5400+30:1800+30"]

1. Nf3 c5 2. c4 Nc6 3. g3 e5 4. Nc3 g6 5. Bg2 Bg7 6. d3 d6 7. Nd2 Nge7 {[%emt 0:01:37] A37: Symmetrical English vs ...g6: 4 Bg2 Bg7 5 Nf3.} 8. Nf1 Nf5 9. Ne3 Nxe3 10. Bxe3 {[%emt 0:02:33] [#]} Ne7 $146 ({Predecessor:} 10... Be6 11. a3 Qd7 12. Nd5 Ne7 13. Nxe7 Kxe7 14. b4 Rhe8 15. bxc5 dxc5 16. Rb1 Rab8 {½-½ (30) Karlsson,L (2562)-Hall,J (2524) Sweden 2001}) 11. a3 O-O 12. Rb1 f5 13. f4 Rb8 14. Qd2 b6 15. b4 exf4 16. Bxf4 Bb7 17. O-O Bxg2 18. Kxg2 Rb7 19. Bg5 Qa8 20. Kg1 (20. Bh6 {keeps more tension.} Rd7+ 21. Kg1 Bxh6 22. Qxh6 cxb4 23. Qe3) 20... Re8 21. Rbe1 cxb4 22. axb4 a5 23. Nb5 Rd7 24. e4 {[%emt 0:01:12][%cal Oc4c5] Inhibits d5.} fxe4 {[%emt 0:01:36] The position is equal.} 25. Rxe4 {[%emt 0:05:07] [#] Threatens to win with Qe2.} (25. dxe4 $5 Nc6 26. bxa5 Nxa5 27. Qd5+ (27. Nxd6 $2 Nxc4 28. Nxc4 Rxd2 $19) 27... Qxd5 28. cxd5 $11) 25... d5 26. Rxe7 (26. cxd5 {is more complex.} Qxd5 27. Nc3 Qb3 28. Ne2) 26... Rexe7 27. Bxe7 Rxe7 28. bxa5 bxa5 29. Qg2 $1 Qb7 30. Qxd5+ Qxd5 31. cxd5 Rd7 {[%emt 0:11:53] Weighted Error Value: White=0.09 (flawless) /Black=0.06 (flawless)} 1/2-1/2

[Event "Croatian Team Cup Final 2022"]
[Site "Vodice"]
[Date "2022.05.19"]
[Round "3.19"]
[White "Starcevic, Ante Leon"]
[Black "Zelenika, Srdjan"]
[Result "1-0"]
[ECO "E76"]
[WhiteElo "2227"]
[BlackElo "2213"]
[Annotator "TA"]
[PlyCount "85"]
[EventDate "2022.05.18"]
[EventType "team-tourn"]
[EventCountry "CRO"]
[SourceTitle "playchess.com"]
[Source "ChessBase"]
[SourceQuality "1"]
[TimeControl "40/5400+30:1800+30"]

1. d4 Nf6 2. c4 g6 3. Nc3 Bg7 4. e4 d6 5. f4 O-O 6. Nf3 Na6 7. Bd3 e5 8. fxe5 dxe5 9. d5 Nc5 10. Bc2 {[%emt 0:00:06] E76: King's Indian: Four Pawns Attack: Lines specific to 6 Nf3 move-order.} a5 {[%emt 0:02:02] [#]} 11. b3 $146 {[%emt 0:09:02] [#]} ({Better is} 11. Qe2 $14) ({Predecessor:} 11. O-O Ne8 12. Bg5 f6 13. Be3 b6 14. a3 Nd6 15. Nd2 f5 16. Qe2 a4 17. Bxc5 bxc5 18. Nxa4 {1-0 (53) Moranda,W (2622)-Kosakowski,J (2445) Bydgoszcz 2021}) 11... h6 (11... Nfxe4 $1 $11 {remains equal.} 12. Nxe4 (12. Bxe4 f5) 12... Nxe4 13. Bxe4 f5) 12. Be3 (12. O-O $16) 12... Qe7 13. h3 Rd8 (13... Nh5 $14) 14. Qd2 $16 Kh7 15. O-O Na6 16. Rae1 Bd7 17. Qf2 Ne8 18. Rd1 b6 {[%emt 0:08:53] [#] Prevents c5.} 19. Ne1 {[%emt 0:27:10] White is more active.} (19. d6 $1 $16 Nxd6 20. Nd5) 19... Nd6 $14 20. Nd3 f5 21. exf5 (21. c5 {looks sharper.} bxc5 22. Nxc5 Nxc5 23. Bxc5 Rf8 24. Qe2) 21... gxf5 {[%emt 0:00:53] ...e4 is the strong threat.} 22. c5 (22. Nb5 $1 $14) 22... bxc5 $11 23. Nxc5 Nxc5 24. Bxc5 Rf8 25. Ne2 Kh8 26. Ng3 e4 27. Nh5 Be5 28. Be3 (28. Qe3 $142) 28... Kh7 29. Nf4 Rg8 30. Rc1 Rab8 31. Bd1 Rb7 32. Be2 a4 33. Ba6 Rbb8 34. Rxc7 {[%emt 0:01:39] aiming for Ne6.} axb3 35. axb3 {[%emt 0:00:06] The board is on fire.} Rxb3 36. Ne6 (36. Kh1 $14) 36... Rb2 37. Be2 $2 (37. Bd2 $1 $11 {and White is okay.}) 37... Kh8 $4 (37... Bg3 $19 38. Nf8+ Rxf8 39. Qxg3 Rxe2) 38. Bd4 $18 Qf6 39. Bxe5 Qxe5 40. Rxd7 {[%emt 0:00:00][%cal Of2h4] Qh4! would kill now.} Qxd5 {[%emt 0:00:00] [#]} 41. Qa7 $1 {[%emt 0:06:52][%csl Ga7][%cal Rd7h7] White mates.} Rxg2+ (41... Nb7 42. Rxd5) 42. Kxg2 Rxe2+ 43. Kg1 {[%emt 0:00:42] Weighted Error Value: White=0.42/Black=0.41} 1-0